 Dungeon Crawl Stone Soup version 0.22-a0-185-ge330310 (webtiles) character file.

3177 vishdafish the Slasher (level 9, 0/69 HPs)
             Began as a Demonspawn Fighter on Feb 15, 2018.
             Was a Follower of Yredelemnul.
             Splashed by an acid dragon's acid (13 damage)
             ... on level 7 of the Dungeon.
             The game lasted 00:14:30 (8279 turns).

vishdafish the Slasher (Demonspawn Fighter)         Turns: 8279, Time: 00:14:31

Health: 0/69       AC: 10    Str: 18    XL:     9   Next: 63%
Magic:  10/10      EV:  9    Int: 12    God:    Yredelemnul [*.....]
Gold:   361        SH: 10    Dex: 12    Spells: 8/8 levels left

rFire    + . .     SeeInvis .   a - +0 long sword
rCold    . . .     Gourm    .   c - +0 shield
rNeg     . . .     Faith    .   b - +0 scale mail
rPois    .         Spirit   .   (no helmet)
rElec    .         Reflect  .   (no cloak)
rCorr    .         Harm     .   (no gloves)
MR       .....                  h - +0 pair of boots
Stlth    ..........             r - amulet of magic regeneration
HPRegen  0.21/turn              (no ring)
MPRegen  0.37/turn              (no ring)

@: very slightly contaminated, hasted, very quick
A: hooves 1, iridescent scales 1, fire resistance 1
a: Animate Remains, Renounce Religion


You were on level 7 of the Dungeon.
You worshipped Yredelemnul.
Yredelemnul was aware of your devotion.
You were very hungry.

You visited 2 branches of the dungeon, and saw 9 of its levels.

You collected 361 gold pieces.

Inventory:

Hand Weapons
 a - a +0 long sword (weapon)
 s - a +2 trident of piercing
 y - a cursed -3 blowgun
Missiles
 z - 24 poisoned needles
Armour
 b - a +0 scale mail (worn)
 c - a +0 shield (worn)
 h - a +0 pair of boots (worn)
 q - the +1 robe of Butau {*Contam Regen+ Str+4 SInv}
   (You found it on level 6 of the Dungeon)

   It affects your strength (+4).
   It lets you see invisible.
   It causes magical contamination when unequipped.
   It increases your rate of regeneration.
Jewellery
 r - an amulet of magic regeneration (around neck)
Wands
 m - a wand of polymorph (4)
 n - a wand of enslavement (4)
Scrolls
 e - a scroll of noise {unknown}
 g - 4 scrolls of immolation
 k - 5 scrolls of remove curse
 l - a scroll of teleportation
 t - a scroll of blinking
 u - a scroll of enchant armour {unknown}
 v - 2 scrolls of amnesia
 A - a scroll of fog {unknown}
 B - a scroll of fear {unknown}
Potions
 d - a potion of haste
 i - a potion of degeneration
 j - a potion of ambrosia
 w - 2 potions of mutation {unknown}
 x - 2 potions of heal wounds {unknown}
Books
 p - a book of Air

   Spells                             Type                      Level
   a - Shock                          Conjuration/Air              1
   b - Swiftness                      Charms/Air                   2
   c - Static Discharge               Conjuration/Air              3
   d - Airstrike                      Air                          4
   e - Lightning Bolt                 Conjuration/Air              5
Comestibles
 f - 11 rations


   Skills:
 - Level 5.7 Fighting
 * Level 7.7 Long Blades
 + Level 6.0 Armour
 * Level 3.5 Dodging
 + Level 6.1 Shields
 * Level 2.1 Evocations


You had 8 spell levels left.
You didn't know any spells.

Dungeon Overview and Level Annotations

Branches:
Dungeon (8/15)             Temple (1/1) D:6
   Lair: D:8-11

Altars:
Ashenzari
Cheibriados
Dithmenos
Elyvilon
Fedhas
Gozag
Kikubaaqudgha
Makhleb
Okawaru
Qazlal
Ru
Sif Muna
Trog
Uskayaw
Vehumet
Xom
Yredelemnul
Zin
The Shining One

Shops:
D:7 ?


Innate Abilities, Weirdness & Mutations

You have large cloven feet.
You are partially covered in iridescent scales. (AC +2)
Your flesh is heat resistant. (rF+)


Message History

As you read the scroll of blinking, it crumbles to dust.
The acid dragon spits acid at you. You block the splash of acid.
Found 10 gold pieces.
You are feeling very hungry.
Blink to where?
Press: ? - help, Dir - move target cursor
As you read the scroll of blinking, it crumbles to dust.
The killer bee stings you but does no damage.
You block the acid dragon's attack. The acid dragon barely misses you.
You climb upwards.
There is a stone staircase leading down, spattered with blood here.
Things that are here:
a dagger of venom; a kobold skeleton The acid dragon spits acid at you.
The splash of acid hits you!
* * * LOW HITPOINT WARNING * * *
You are splashed with acid!
The acid burns!
You die...
Your body rises from the dead as a mindless zombie.

#####....##'###+###..##...##.....
......)...#......#.........#...[.
..........#......#.........#..)).
..........#......#.........#...<.
..##......#......'.........#.....
..##.....##########.......##..)..
..##.....##......####'#######'###
.........#....>y..........#......
.........#.....D@.........#>.>...
.........#......<.....((..#...(..
..###....##......##...##.)####...
..###.#####......###'###))#######
.....##..##......................
.....#....#................<.....
....##.⌠._#......................
....#.....#.##...##...##....##...
###.#....##.#######...##....##<..


You could see an acid dragon and a killer bee.

Vanquished Creatures
  Pikel (D:3)
  A tarantella (D:5)
  A steam dragon (D:7)
  An ice beast (D:7)
  2 sky beasts
  A phantom (D:7)
  An ogre (D:7)
  An orc warrior (D:4)
  2 centaurs
  A necrophage (D:6)
  3 big kobolds (D:7)
  2 bullfrogs
  Blork the orc (D:4)
  A gnoll sergeant (D:4)
  2 scorpions
  3 killer bees (D:7)
  2 wights (D:7)
  2 howler monkeys (D:8)
  A crimson imp (D:5)
  A bullfrog zombie (D:6)
  A jelly (D:8)
  A hound (D:4)
  2 orc priests
  7 orc wizards
  A centaur skeleton (D:7)
  3 iguanas
  2 worker ants
  A hound zombie (D:6)
  8 adders
  10 gnolls
  An ooze (D:1)
  An adder skeleton (D:5)
  2 worms (D:3)
  A dart slug (D:1)
  4 leopard geckos
  11 orcs
  A ball python (D:6)
  5 giant cockroaches
  10 goblins
  6 hobgoblins
  7 jackals
  3 quokkas
  A ball python skeleton (D:4)
  10 bats
  A frilled lizard (D:3)
  26 kobolds
  A quokka zombie (D:7)
  8 rats
165 creatures vanquished.

Vanquished Creatures (collateral kills)
  A big kobold (D:7)
  A wight (D:7)
  A gnoll (D:3)
  2 kobolds (D:7)
5 creatures vanquished.

Grand Total: 170 creatures vanquished

Notes
Turn   | Place    | Note
-------+----------+-------------------------------------------
     0 | D:1      | vishdafish the Demonspawn Fighter began the quest for the Orb.
     0 | D:1      | Reached XP level 1. HP: 18/18 MP: 1/1
     2 | D:1      | Noticed a gargoyle
     2 | D:1      | Noticed a human
     4 | D:1      | Noticed a draconian
     6 | D:1      | Noticed a halfling
     6 | D:1      | Noticed a ghoul
     8 | D:1      | Noticed an ogre
     8 | D:1      | Noticed a formicid
    10 | D:1      | Noticed a vampire
    10 | D:1      | Noticed a felid
    12 | D:1      | Noticed a minotaur
    12 | D:1      | Noticed a merfolk
    14 | D:1      | Noticed a spriggan
    16 | D:1      | Noticed a demonspawn
    18 | D:1      | Noticed a naga
    18 | D:1      | Noticed a centaur
    20 | D:1      | Noticed an elf
    22 | D:1      | Noticed a vine stalker
    22 | D:1      | Noticed a tengu
    24 | D:1      | Noticed a demigod
    24 | D:1      | Noticed an octopode
    26 | D:1      | Noticed a dwarf
    26 | D:1      | Noticed a troll
   102 | D:1      | Gained mutation: You are partially covered in iridescent scales. (AC +2) [demonic ancestry]
   102 | D:1      | Reached XP level 2. HP: 20/24 MP: 2/2
   257 | D:1      | Reached skill level 2 in Long Blades
   759 | D:1      | You fall through a shaft!
   769 | D:2      | Reached XP level 3. HP: 29/29 MP: 3/3
  1043 | D:2      | Found a glowing silver altar of Zin.
  1520 | D:3      | Reached XP level 4. HP: 35/35 MP: 4/4
  1750 | D:3      | Found an opulent altar of Gozag.
  2011 | D:3      | Found an iron altar of Okawaru.
  2359 | D:4      | Noticed a slave
  2360 | D:4      | Noticed Pikel
  2362 | D:4      | Noticed a slave
  2362 | D:4      | Noticed a slave
  2364 | D:4      | Noticed a slave
  2380 | D:3      | Killed Pikel
  2380 | D:3      | Reached skill level 4 in Long Blades
  2380 | D:3      | Reached XP level 5. HP: 32/43 MP: 5/5
  2380 | D:3      | Reached XP level 6. HP: 37/49 MP: 6/6
  2380 | D:3      | Gained mutation: Your flesh is heat resistant. (rF+) [demonic ancestry]
  2380 | D:3      | Reached XP level 7. HP: 41/55 MP: 7/7
  2649 | D:4      | You fall through a shaft for 2 floors!
  2678 | D:6      | Identified the +1 robe of Butau {*Contam Regen+ Str+4 SInv} (You found it on level 6 of the Dungeon)
  2717 | D:6      | Found a burning altar of Makhleb.
  2749 | D:5      | Entered Level 5 of the Dungeon
  2814 | D:6      | Found an ancient bone altar of Kikubaaqudgha.
  2880 | D:5      | Noticed a rime drake
  2880 | D:5      | an ogre changed into a rime drake
  2881 | D:5      | Noticed a troll
  2881 | D:5      | a rime drake changed into a troll
  2882 | D:5      | Noticed a tarantella
  2882 | D:5      | a troll changed into a tarantella
  2891 | D:5      | Killed a tarantella
  2891 | D:5      | Reached skill level 5 in Long Blades
  3651 | D:4      | Noticed Blork the orc
  3659 | D:4      | Killed Blork the orc
  3694 | D:4      | Found a hide-covered altar of Uskayaw.
  3694 | D:4      | Found a deep blue altar of Sif Muna.
  3699 | D:4      | Found a snail-covered altar of Cheibriados.
  3701 | D:4      | Found a white marble altar of Elyvilon.
  3702 | D:4      | Found a faded altar of an unknown god.
  3977 | D:4      | Gained mutation: You have large cloven feet. [demonic ancestry]
  3977 | D:4      | Reached XP level 8. HP: 49/61 MP: 2/8
  3979 | D:4      | Reached skill level 5 in Fighting
  4407 | D:5      | Reached skill level 5 in Shields
  4421 | D:5      | Reached skill level 6 in Long Blades
  4741 | D:5      | Reached skill level 5 in Armour
  5557 | D:6      | Found a staircase to the Ecumenical Temple.
  5630 | Temple   | Entered the Ecumenical Temple
  5666 | Temple   | Became a worshipper of Yredelemnul the Dark
  6010 | D:7      | Reached skill level 1 in Dodging
  6012 | D:7      | Found Doisuug's Magic Scroll Shop.
  6223 | D:7      | Reached XP level 9. HP: 53/67 MP: 9/9
  6338 | D:7      | Reached skill level 7 in Long Blades
  6554 | D:7      | Reached * piety under Yredelemnul
  6594 | D:7      | Found a radiant altar of Vehumet.
  6595 | D:7      | Found a shadowy altar of Dithmenos.
  7220 | D:7      | Found a blossoming altar of Fedhas.
  7619 | D:8      | Reached skill level 1 in Evocations
  8279 | D:7      | Splashed by an acid dragon's acid

Vault maps used:
D:1:      kb_arrival_jail, serial_bayou_ford_a, bh_walls_and_bars
D:2:      nicolae_overflow_hidden_temple
D:3:      grunt_gozag_statues, marbit_many_paths, feat_on_display
D:4:      chequers_temple_overflow_minitemple, first_ration, uniq_pikel,
          uniq_blork_the_orc
D:5:      lemuel_ice_spiral_2, minmay_misc_feat_pillars
D:6:      kennysheep_mini_moat, lemuel_crystal_altar,
          minmay_temple_entry_butterflies
D:7:      old_standard_altar, gammafunk_temple_overflow_pools, serial_shops,
          shop
D:8:      minmay_the_grid_plus, david_lair_shrubbed, basic_altar, uniq_erica,
          uniq_grum
Temple:   cyrus_temple_forest

Skill      XL: |  1  2  3  4  5  6  7  8  9 |
---------------+----------------------------+-----
Long Blades    | 2 4 5 6 7 |  7.7
Shields        | 3 4 5 6 |  6.1
Armour         | 3 4 5 6 |  6.0
Fighting       | 4 5 |  5.7
Dodging        | 1 3 |  3.5
Evocations     | 2 |  2.1

Action                   |  1- 3 |  4- 6 |  7- 9 || total
-------------------------+-------+-------+-------++-------
Melee: Long sword        |   167 |    95 |   563 ||   825
Evoke: Wand              |       |       |    12 ||    12
  Use: Potion            |       |     1 |     7 ||     8
       Scroll            |       |       |    12 ||    12
  Eat: Chunk             |     2 |     2 |    10 ||    14
       Ration            |       |       |     3 ||     3
Armor: Scale mail        |   111 |    40 |   282 ||   433
Dodge: Dodged            |    72 |    31 |   215 ||   318
Block: Shield            |    97 |    47 |   351 ||   495
       Rpst.: Long sword |    20 |    11 |    63 ||    94

Table legend:
 A = Spawn XP
 B = Non-spawn XP
 C = Spawn XP percentage of total XP
 D = Spawn monster count
 E = Non-spawn monster count
 F = Spawn count percentage of total count
 G = Total turns spent on level
                    A         B        C        D         E        F      G
               +---------+---------+-------+---------+---------+-------+---------
         Total |       0 |    4539 |   0.0 |       0 |     170 |   0.0 |  8279
               +---------+---------+-------+---------+---------+-------+---------
           D:1 |       0 |      48 |   0.0 |       0 |      24 |   0.0 |   879
           D:2 |       0 |      37 |   0.0 |       0 |      16 |   0.0 |   473
           D:3 |       0 |     716 |   0.0 |       0 |      26 |   0.0 |  1275
           D:4 |       0 |     595 |   0.0 |       0 |      16 |   0.0 |  1308
           D:5 |       0 |     692 |   0.0 |       0 |      15 |   0.0 |  1111
           D:6 |       0 |     478 |   0.0 |       0 |      17 |   0.0 |   981
           D:7 |       0 |    1733 |   0.0 |       0 |      51 |   0.0 |  2113
           D:8 |       0 |     240 |   0.0 |       0 |       5 |   0.0 |    72
               +---------+---------+-------+---------+---------+-------+---------
